[ AOE2 MATCH · #507367165 ]
UnrankedBengalis vs Malians
Player's team · WIN
Rival team · LOSS
[ REPLAY ANALYSIS · EXTRACTED FROM THE RECORDED GAME ]
Feudal
10:34
Castle
20:20
Imperial
31:59
| APM avg | 73.2 |
| APM peak | 109 |
| eAPM avg | 32.5 |
| Villagers / military | 120 / 56 |
Focus
⚔️ 36.6% · 🌾 63.4%
Archer ×29 · Ratha (Ranged) ×17 · Militia ×4 · Trebuchet (Packed) ×3 · Mangonel ×2 · Monk ×1
Feudal
9:51
Castle
21:23
Imperial
—
| APM avg | 75.7 |
| APM peak | 118 |
| eAPM avg | 32.5 |
| Villagers / military | 107 / 43 |
Focus
⚔️ 52.6% · 🌾 47.4%
Skirmisher ×24 · Gbeto ×19
Match map
Initial resources + every placement click. Lines = walls · curves = elevation contours. ◆ gold · ⬟ stone · ● berries · ✦ relic · ◌ wall gap
Your base· ✓ Closed at 20:20 · 38t walls · 1 gate(s)
DS_Prodan's base· ✓ Closed at 21:23 · 68t walls · 1 gate(s)
Smoothed initial terrain · ◌ = detected wall gap · hover for details
Inputs per minute
— XEVER | CaboBV - - DS_Prodan
Build order — XEVER | CaboBV
First 150 of 322 actions detected
| 0:00 | Queue | Villager (Male) |
| 0:00 | Queue | Villager (Male) |
| 0:00 | Queue | Villager (Male) |
| 0:01 | Queue | Villager (Male) |
| 0:02 | Build | House |
| 0:03 | Build | House |
| 1:33 | Queue | Villager (Male) |
| 1:53 | Build | Lumber Camp |
| 2:01 | Research | Loom |
| 2:02 | Queue | Villager (Male) |
| 2:09 | Queue | Villager (Male) |
| 2:29 | Queue | Villager (Male) |
| 2:56 | Queue | Villager (Male) |
| 3:18 | Queue | Villager (Male) |
| 3:47 | Build | House |
| 3:56 | Queue | Villager (Male) |
| 4:21 | Queue | Villager (Male) |
| 4:30 | Build | Barracks |
| 4:44 | Queue | Villager (Male) |
| 4:53 | Build | House |
| 5:20 | Queue | Villager (Male) |
| 5:22 | Queue | Militia |
| 5:22 | Queue | Militia |
| 5:40 | Queue | Militia |
| 5:48 | Queue | Militia |
| 5:53 | Queue | Villager (Male) |
| 6:08 | Queue | Villager (Male) |
| 6:40 | Queue | Villager (Male) |
| 6:47 | Queue | Villager (Male) |
| 6:50 | Build | Mill |
| 6:50 | Queue | Villager (Male) |
| 6:56 | Queue | Villager (Male) |
| 7:03 | Build | House |
| 7:35 | Research | Loom |
| 7:53 | Build | Farm |
| 8:17 | Research | Feudal Age |
| 8:35 | Build | House |
| 8:50 | Queue | Villager (Male) |
| 9:38 | Queue | Villager (Male) |
| 9:52 | Queue | Villager (Male) |
| 9:57 | Build | Mining Camp |
| 10:10 | Build | House |
| 10:14 | Build | Palisade Wall |
| 10:31 | Build | Palisade Wall |
| 10:32 | Queue | Villager (Male) |
| 10:34 | Age | Feudal Age |
| 10:35 | Build | Archery Range |
| 10:44 | Queue | Villager (Male) |
| 11:04 | Queue | Villager (Male) |
| 11:05 | Queue | Villager (Male) |
| 11:05 | Queue | Villager (Male) |
| 11:07 | Build | House |
| 11:26 | Research | Man-at-Arms (upgrade) |
| 11:27 | Research | Double-Bit Axe |
| 11:32 | Queue | Villager (Male) |
| 11:35 | Build | House |
| 11:50 | Queue | Archer |
| 11:51 | Queue | Villager (Male) |
| 11:52 | Build | Farm |
| 11:56 | Queue | Villager (Male) |
| 11:57 | Build | Farm |
| 11:58 | Build | Farm |
| 11:58 | Queue | Villager (Male) |
| 12:07 | Queue | Archer |
| 12:16 | Build | House |
| 12:18 | Build | Palisade Wall |
| 12:19 | Build | Palisade Wall |
| 12:35 | Queue | Archer |
| 12:51 | Queue | Villager (Male) |
| 13:11 | Queue | Archer |
| 13:27 | Queue | Archer |
| 13:36 | Queue | Villager (Male) |
| 13:36 | Queue | Villager (Male) |
| 13:44 | Queue | Villager (Male) |
| 13:47 | Build | Blacksmith |
| 13:49 | Queue | Archer |
| 13:49 | Queue | Villager (Male) |
| 13:53 | Queue | Villager (Male) |
| 14:01 | Build | Lumber Camp |
| 14:02 | Queue | Villager (Male) |
| 14:05 | Build | House |
| 14:07 | Queue | Archer |
| 14:19 | Queue | Villager (Male) |
| 14:20 | Build | Farm |
| 14:25 | Queue | Archer |
| 14:27 | Queue | Villager (Male) |
| 14:32 | Queue | Archer |
| 14:38 | Queue | Archer |
| 14:39 | Build | Farm |
| 14:39 | Build | Farm |
| 14:46 | Build | Palisade Wall |
| 14:47 | Build | Palisade Wall |
| 14:48 | Build | Palisade Wall |
| 14:49 | Build | Palisade Wall |
| 14:54 | Queue | Archer |
| 14:56 | Queue | Villager (Male) |
| 15:03 | Queue | Archer |
| 15:06 | Build | Palisade Wall |
| 15:07 | Queue | Villager (Male) |
| 15:12 | Queue | Villager (Male) |
| 15:14 | Build | Farm |
| 15:15 | Queue | Villager (Male) |
| 15:23 | Build | Farm |
| 15:24 | Queue | Villager (Male) |
| 15:30 | Queue | Archer |
| 15:32 | Build | Farm |
| 15:32 | Queue | Villager (Male) |
| 15:35 | Queue | Villager (Male) |
| 15:46 | Queue | Archer |
| 15:48 | Queue | Villager (Male) |
| 16:31 | Queue | Archer |
| 16:32 | Queue | Villager (Male) |
| 16:33 | Build | Farm |
| 16:46 | Build | Archery Range |
| 16:48 | Build | Farm |
| 16:57 | Build | Farm |
| 16:58 | Build | Farm |
| 17:01 | Build | House |
| 17:03 | Build | Farm |
| 17:36 | Build | House |
| 17:40 | Research | Castle Age |
| 17:40 | Research | Castle Age |
| 17:41 | Queue | Archer |
| 17:42 | Queue | Archer |
| 17:57 | Queue | Archer |
| 18:06 | Research | Horse Collar |
| 18:07 | Build | Farm |
| 18:08 | Build | Farm |
| 18:12 | Queue | Archer |
| 18:15 | Build | Palisade Gate |
| 18:18 | Build | Palisade Wall |
| 18:25 | Queue | Archer |
| 18:41 | Research | Fletching |
| 18:51 | Queue | Archer |
| 18:57 | Research | Gold Mining |
| 19:05 | Queue | Archer |
| 19:07 | Build | House |
| 19:13 | Queue | Archer |
| 19:20 | Queue | Villager (Male) |
| 19:20 | Queue | Villager (Male) |
| 19:29 | Queue | Archer |
| 19:36 | Queue | Archer |
| 19:51 | Queue | Archer |
| 20:04 | Queue | Archer |
| 20:04 | Queue | Villager (Male) |
| 20:06 | Build | Farm |
| 20:20 | Age | Castle Age |
| 20:20 | Research | Crossbowman (upgrade) |
| 20:20 | Research | Crossbowman (upgrade) |
| 20:24 | Research | Bodkin Arrow |
Build order — DS_Prodan
First 150 of 272 actions detected
| 0:01 | Queue | Villager (Male) |
| 0:01 | Queue | Villager (Male) |
| 0:01 | Queue | Villager (Male) |
| 0:02 | Queue | Villager (Male) |
| 0:04 | Build | House |
| 0:05 | Build | House |
| 1:26 | Queue | Villager (Male) |
| 1:52 | Queue | Villager (Male) |
| 1:55 | Build | Lumber Camp |
| 2:22 | Queue | Villager (Male) |
| 2:49 | Queue | Villager (Male) |
| 3:04 | Queue | Villager (Male) |
| 3:36 | Queue | Villager (Male) |
| 3:37 | Queue | Villager (Male) |
| 3:48 | Queue | Villager (Male) |
| 3:50 | Build | House |
| 4:09 | Queue | Villager (Male) |
| 4:28 | Queue | Villager (Male) |
| 4:57 | Queue | Villager (Male) |
| 5:02 | Build | Barracks |
| 5:28 | Queue | Villager (Male) |
| 5:29 | Queue | Villager (Male) |
| 6:03 | Build | House |
| 6:11 | Build | Palisade Wall |
| 6:16 | Queue | Villager (Male) |
| 6:37 | Queue | Villager (Male) |
| 6:39 | Build | House |
| 6:40 | Queue | Villager (Male) |
| 6:41 | Queue | Villager (Male) |
| 6:45 | Build | House |
| 6:49 | Build | Palisade Wall |
| 6:53 | Research | Loom |
| 6:57 | Build | Mill |
| 7:12 | Build | Palisade Wall |
| 7:17 | Build | Palisade Wall |
| 7:18 | Build | Palisade Wall |
| 7:23 | Build | Palisade Wall |
| 7:25 | Build | Palisade Wall |
| 7:28 | Build | Palisade Wall |
| 7:41 | Research | Feudal Age |
| 8:20 | Build | Palisade Wall |
| 9:12 | Queue | Villager (Male) |
| 9:19 | Build | Palisade Gate |
| 9:25 | Build | House |
| 9:26 | Build | House |
| 9:51 | Age | Feudal Age |
| 9:52 | Queue | Villager (Male) |
| 9:53 | Queue | Villager (Male) |
| 9:55 | Research | Double-Bit Axe |
| 9:56 | Research | Horse Collar |
| 9:58 | Queue | Villager (Male) |
| 9:59 | Queue | Villager (Male) |
| 10:00 | Queue | Villager (Male) |
| 10:04 | Queue | Villager (Male) |
| 10:11 | Queue | Villager (Male) |
| 10:14 | Queue | Villager (Male) |
| 10:22 | Build | Palisade Wall |
| 10:29 | Build | Palisade Wall |
| 10:30 | Queue | Villager (Male) |
| 10:32 | Build | House |
| 10:41 | Build | Farm |
| 10:44 | Build | Farm |
| 10:45 | Build | Farm |
| 10:48 | Build | Farm |
| 11:09 | Queue | Villager (Male) |
| 11:18 | Queue | Villager (Male) |
| 11:24 | Build | Farm |
| 11:26 | Build | Farm |
| 11:31 | Build | Farm |
| 11:50 | Queue | Villager (Male) |
| 11:56 | Build | Palisade Wall |
| 12:02 | Build | House |
| 12:11 | Queue | Villager (Male) |
| 12:17 | Queue | Villager (Male) |
| 12:19 | Build | Farm |
| 12:20 | Build | Farm |
| 12:21 | Build | Farm |
| 12:26 | Queue | Villager (Male) |
| 12:27 | Queue | Villager (Male) |
| 12:39 | Build | Archery Range |
| 12:55 | Queue | Villager (Male) |
| 12:56 | Queue | Villager (Male) |
| 12:58 | Build | House |
| 13:00 | Queue | Villager (Male) |
| 13:00 | Queue | Villager (Male) |
| 13:01 | Queue | Villager (Male) |
| 13:10 | Queue | Villager (Male) |
| 13:28 | Queue | Skirmisher |
| 13:28 | Queue | Skirmisher |
| 13:44 | Queue | Villager (Male) |
| 13:45 | Queue | Skirmisher |
| 13:47 | Build | Palisade Wall |
| 13:52 | Queue | Villager (Male) |
| 13:52 | Queue | Villager (Male) |
| 13:56 | Build | Mining Camp |
| 13:58 | Build | House |
| 14:00 | Build | House |
| 14:01 | Build | House |
| 14:05 | Queue | Skirmisher |
| 14:25 | Queue | Villager (Male) |
| 14:26 | Queue | Villager (Male) |
| 14:33 | Build | House |
| 14:35 | Build | House |
| 14:38 | Build | Farm |
| 14:39 | Queue | Villager (Male) |
| 14:41 | Build | Farm |
| 14:57 | Queue | Villager (Male) |
| 15:02 | Build | House |
| 15:32 | Queue | Villager (Male) |
| 15:37 | Build | Stone Wall |
| 15:46 | Queue | Skirmisher |
| 15:51 | Queue | Villager (Male) |
| 15:52 | Queue | Villager (Male) |
| 15:53 | Queue | Villager (Male) |
| 16:01 | Build | Palisade Wall |
| 16:23 | Queue | Skirmisher |
| 16:24 | Queue | Villager (Male) |
| 16:38 | Queue | Villager (Male) |
| 16:46 | Queue | Villager (Male) |
| 16:48 | Build | Farm |
| 16:49 | Build | Farm |
| 16:49 | Build | Farm |
| 16:51 | Queue | Villager (Male) |
| 16:53 | Build | Farm |
| 16:53 | Build | Farm |
| 17:04 | Queue | Villager (Male) |
| 17:08 | Build | Mining Camp |
| 17:11 | Build | Watch Tower |
| 17:25 | Build | Farm |
| 17:29 | Queue | Villager (Male) |
| 17:30 | Build | Farm |
| 17:33 | Build | Market |
| 17:51 | Build | Mining Camp |
| 18:21 | Research | Stone Mining |
| 18:37 | Research | Castle Age |
| 18:41 | Build | Blacksmith |
| 19:42 | Queue | Villager (Male) |
| 20:05 | Queue | Skirmisher |
| 20:05 | Queue | Skirmisher |
| 20:06 | Queue | Skirmisher |
| 20:11 | Build | Watch Tower |
| 20:14 | Research | Padded Archer Armor |
| 20:21 | Build | House |
| 20:22 | Build | House |
| 20:27 | Research | Fletching |
| 20:42 | Build | Watch Tower |
| 21:02 | Queue | Villager (Male) |
| 21:03 | Queue | Skirmisher |
| 21:23 | Age | Castle Age |
| 21:33 | Queue | Villager (Male) |
Match timeline
| 4:30 | XEVER | CaboBV · first_building Barracks |
| 5:02 | DS_Prodan · first_building Barracks |
| 6:11 | DS_Prodan · wall_segment Palisade Wall x1 |
| 6:49 | DS_Prodan · wall_segment Palisade Wall x2 |
| 7:12 | DS_Prodan · wall_segment Palisade Wall x1 |
| 7:17 | DS_Prodan · wall_segment Palisade Wall x1 |
| 7:18 | DS_Prodan · wall_segment Palisade Wall x1 |
| 7:23 | DS_Prodan · wall_segment Palisade Wall x1 |
| 7:25 | DS_Prodan · wall_segment Palisade Wall x1 |
| 7:28 | DS_Prodan · wall_segment Palisade Wall x1 |
| 8:20 | DS_Prodan · wall_segment Palisade Wall x8 |
| 9:51 | DS_Prodan · age_up feudal |
| 10:14 | XEVER | CaboBV · wall_segment Palisade Wall x4 |
| 10:22 | DS_Prodan · wall_segment Palisade Wall x2 |
| 10:29 | DS_Prodan · wall_segment Palisade Wall x19 |
| 10:31 | XEVER | CaboBV · wall_segment Palisade Wall x1 |
| 10:34 | XEVER | CaboBV · age_up feudal |
| 10:35 | XEVER | CaboBV · first_building Archery Range |
| 11:56 | DS_Prodan · wall_segment Palisade Wall x6 |
| 12:18 | XEVER | CaboBV · wall_segment Palisade Wall x1 |
| 12:19 | XEVER | CaboBV · wall_segment Palisade Wall x12 |
| 12:39 | DS_Prodan · first_building Archery Range |
| 13:47 | DS_Prodan · wall_segment Palisade Wall x1 |
| 14:46 | XEVER | CaboBV · wall_segment Palisade Wall x4 |
| 14:47 | XEVER | CaboBV · wall_segment Palisade Wall x2 |
| 14:48 | XEVER | CaboBV · wall_segment Palisade Wall x4 |
| 14:49 | XEVER | CaboBV · wall_segment Palisade Wall x1 |
| 15:06 | XEVER | CaboBV · wall_segment Palisade Wall x10 |
| 15:37 | DS_Prodan · wall_segment Stone Wall x18 |
| 16:01 | DS_Prodan · wall_segment Palisade Wall x6 |
| 18:18 | XEVER | CaboBV · wall_segment Palisade Wall x1 |
| 20:20 | XEVER | CaboBV · age_up castle |
| 20:26 | DS_Prodan · first_market_sell 100 food |
| 21:23 | DS_Prodan · age_up castle |
| 22:17 | DS_Prodan · first_market_buy 100 wood |
| 22:40 | DS_Prodan · wall_segment Palisade Wall x1 |
| 22:44 | DS_Prodan · wall_segment Palisade Wall x1 |
| 23:51 | XEVER | CaboBV · first_building Siege Workshop |
| 25:03 | DS_Prodan · first_building Castle |
| 26:57 | XEVER | CaboBV · first_building Castle |
| 27:07 | XEVER | CaboBV · first_market_buy 100 food |
| 27:41 | XEVER | CaboBV · first_market_sell 100 wood |
| 27:48 | XEVER | CaboBV · first_building Monastery |
| 28:26 | XEVER | CaboBV · wall_segment Palisade Wall x1 |
| 29:19 | XEVER | CaboBV · first_building Stable |
| 31:59 | XEVER | CaboBV · age_up imperial |
| 34:52 | DS_Prodan · resign |
[ AI ANALYSIS · 1 CREDIT ]
What really happened in this match?
Wolo.gg analyzes every decision: build order, eco, micro, common mistakes by bracket. Personalized analysis on WhatsApp or Discord in 30 seconds.
Civ guide
Bengalis
Perfil
Jugador #1923202